[Event "44th Chess Olympiad Women 2022"]
[Site "Chennai"]
[Date "2022.07.30"]
[Round "2.20"]
[White "Lehaci, Miruna-Daria"]
[Black "Avelino, Camila Biscaya"]
[Result "1-0"]
[ECO "E90"]
[WhiteElo "2193"]
[BlackElo "1863"]
[Annotator "TA"]
[PlyCount "67"]
[EventDate "2022.07.29"]
[EventType "team-tourn"]
[EventCountry "IND"]
[SourceTitle "playchess.com"]
[Source "ChessBase"]
[SourceQuality "1"]
[WhiteTeam "Romania"]
[BlackTeam "Portugal"]
[WhiteTeamCountry "ROU"]
[BlackTeamCountry "POR"]
[TimeControl "40/5400+30:1800+30"]

1. d4 Nf6 2. Nf3 g6 3. c4 Bg7 4. Nc3 O-O 5. e4 d6 6. h3 Nbd7 7. Bd3 {[%emt 0:00:20] 7.Bg5 is a critical line.} e5 8. d5 a5 {[%emt 0:02:54] E90: King's Indian: Classical: Early deviations and 6 h3.} 9. O-O Nc5 10. Bc2 Ne8 {[%emt 0:15:22] White has an edge.} 11. a3 f5 {[%emt 0:02:38] [#]} 12. Rb1 $146 ({Predecessor:} 12. exf5 gxf5 13. Bg5 Qd7 14. Rb1 Qf7 15. Kh1 Bd7 16. Be3 Kh8 17. b4 axb4 18. axb4 Na6 19. Ng5 {1-0 (19) Belchev,B (2323)-Ponomarev,A (2369) ICCF email 2009}) 12... Nf6 13. exf5 Bxf5 14. b4 axb4 15. axb4 Nce4 16. Nxe4 Nxe4 17. Rb3 {[%emt 0:04:24] Inhibits Nc3. Threatens to win with g4.} Ra1 18. Qe2 Ra2 {[%emt 0:05:51][%cal Oe4g3] Strongly threatening ...Ng3!} 19. Bb2 $132 {[%emt 0:04:31][%mdl 2048] [#] White is not keeping still} Nc3 20. Bxc3 Rxc2 21. Qd1 {[%emt 0:01:57] [#]} (21. Qe3 $11 {and White stays safe.}) 21... Qa8 $1 $19 {[%emt 0:02:45] ...Qa2 is the strong threat.} 22. Ba1 Qa2 ({Avoid the trap} 22... Rxc4 $2 23. Bc3 $19) 23. Re3 (23. Rc3 {is a better defense.}) 23... Bh6 24. Rc3 Rxc3 25. Bxc3 Qxc4 26. Bd2 Bxd2 (26... Bg7 $19 {is more deadly.} 27. Be3 Bd3) 27. Qxd2 $17 Bxh3 28. Rc1 $1 $11 Qg4 29. Ne1 Rf5 30. Rc3 Qxb4 {[%emt 0:00:29] Hoping for ...Bg4.} (30... Bxg2 $5 31. Nxg2 Qxb4 $11) 31. gxh3 Rf4 (31... Rf7 $14 {is superior.}) 32. Nd3 Qd4 {[%emt 0:00:11] And now ...Rf3 would win.} 33. Rxc7 Rf8 $2 {[%emt 0:00:41][%mdl 8192] [#]} (33... Qxd5 $16 34. Qc2 Rf7) 34. Qh6 $1 {[%emt 0:02:01] What a bad dream for Black.  Weighted Error Value: White=0.31/Black=0.52} 1-0

[Event "44th Chess Olympiad Women 2022"]
[Site "Chennai"]
[Date "2022.07.30"]
[Round "2.20"]
[White "Ciolacu, Alessia-Mihaela"]
[Black "Chaves, Jussara"]
[Result "1-0"]
[ECO "D94"]
[WhiteElo "2163"]
[BlackElo "1933"]
[Annotator "TA"]
[PlyCount "69"]
[EventDate "2022.07.29"]
[EventType "team-tourn"]
[EventCountry "IND"]
[SourceTitle "playchess.com"]
[Source "ChessBase"]
[SourceQuality "1"]
[WhiteTeam "Romania"]
[BlackTeam "Portugal"]
[WhiteTeamCountry "ROU"]
[BlackTeamCountry "POR"]
[TimeControl "40/5400+30:1800+30"]

1. d4 c6 2. c4 d5 3. Nf3 Nf6 4. e3 g6 5. Nc3 Bg7 6. Be2 O-O 7. O-O Be6 {[%emt 0:08:02] 7...a6 gains popularity.} 8. cxd5 cxd5 9. Ne5 {[%emt 0:00:42][%cal Bf3e5,Be5d3,Bd3f4][%mdl 32] D94: Grünfeld: 4 Nf3 Bg7 5 e3.} (9. Qb3 $5 ) 9... Nfd7 10. Nd3 {[%emt 0:01:15] [#]} Nc6 $146 ({Predecessor:} 10... Nb6 11. a4 Na6 12. Nf4 Nc7 13. Qb3 Qd6 14. Nxe6 fxe6 15. Bd2 e5 16. dxe5 Bxe5 {1-0 (36) Sergeev,V (2510)-Just,J (2046) Guben 2012}) 11. Nf4 {[%emt 0:03:56] White is better.} Nb6 12. Nxe6 fxe6 13. Bg4 Qd7 ({Black should try} 13... e5) 14. h4 Bf6 (14... Qd6 $142) 15. h5 (15. g3 $142) 15... gxh5 $16 {[%emt 0:04:29] [#]} 16. Bxh5 (16. Bh3 $1 $16) 16... e5 $14 17. Bg4 e6 18. Ne2 Rae8 19. a4 Qg7 20. Bh5 $36 {[%emt 0:01:21][%mdl 2048] White fights for an advantage.} Rc8 21. a5 Nd7 22. Ra4 b5 (22... Kh8 $11) 23. axb6 $1 $16 Nxb6 {[%emt 0:00:11] [#]} 24. dxe5 $1 Nxa4 (24... Nxe5 $16 25. Ra6 Kh8) 25. exf6 $18 Qg5 (25... Qh6 26. f7+ Kh8) 26. f7+ Kh8 27. Nf4 Nc5 (27... Nd8 $142 28. Qxa4 e5) 28. b4 {[%emt 0:01:55][%mdl 64] Deflection, Decoy} Nxb4 29. Qd4+ e5 30. Qxb4 d4 31. exd4 exf4 32. dxc5 Kg7 33. Qc3+ Kh6 {[%emt 0:05:11] [#]} 34. Qh3 $1 {[%emt 0:00:26] Threatening mate with Bd1+.} Rc6 (34... Rb8 35. c6) 35. Bf3+ {[%emt 0:12:11] Weighted Error Value: White=0.14 (very precise) /Black=0.71} 1-0

[Event "44th Chess Olympiad Women 2022"]
[Site "Chennai"]
[Date "2022.07.30"]
[Round "2.20"]
[White "Silva, Mariana Sofia T."]
[Black "Cosma, Elena-Luminita"]
[Result "0-1"]
[ECO "E04"]
[WhiteElo "1912"]
[BlackElo "2248"]
[Annotator "TA"]
[PlyCount "112"]
[EventDate "2022.07.29"]
[EventType "team-tourn"]
[EventCountry "IND"]
[SourceTitle "playchess.com"]
[Source "ChessBase"]
[SourceQuality "1"]
[WhiteTeam "Portugal"]
[BlackTeam "Romania"]
[WhiteTeamCountry "POR"]
[BlackTeamCountry "ROU"]
[TimeControl "40/5400+30:1800+30"]

1. d4 d5 2. c4 e6 3. Nf3 Nf6 4. g3 dxc4 5. Bg2 Bb4+ 6. Bd2 Bd6 7. Qa4+ Nc6 8. Qxc4 {[%emt 0:05:22] E04: Open Catalan: 5 Nf3.} e5 9. dxe5 (9. Nxe5 {feels hotter.} Nxe5 10. dxe5 Bxe5 11. Bc3) 9... Nxe5 10. Nxe5 {[%emt 0:02:17] White is slightly better.} Bxe5 11. Qb5+ Nd7 12. Bc3 ({But not} 12. Bxb7 $2 Rb8 13. Nc3 Bxb7 $19) 12... O-O 13. O-O ({Don't go for} 13. Bxb7 $2 Bxc3+ 14. Nxc3 Rb8 $19) 13... c6 14. Qd3 {[%emt 0:03:40] [#]} (14. Qb3 {looks sharper.} Bc7 15. Rd1 Re8 16. Nd2) 14... Bxc3 $146 ({Predecessor:} 14... Qf6 15. Rd1 Nc5 16. Qe3 Bxc3 17. Nxc3 Na6 18. Rd2 Bf5 19. Qf4 Qe6 20. Rd6 Qc8 {1-0 (45) Zubritskiy,A (2442)-Rogule,L (2295) Tallinn 2016}) 15. Nxc3 Nf6 16. Rfd1 Be6 17. b4 Qxd3 18. Rxd3 a5 19. b5 cxb5 20. Bxb7 Rab8 21. Bf3 Rfc8 22. e4 (22. Nd5 $15) 22... Nd7 $17 23. Nd5 Ne5 24. Ne7+ Kf8 $1 25. Nxc8 Nxd3 26. Na7 (26. Nd6 $17) 26... Ne5 ({Black should try} 26... b4 $19 {[%cal Oe6a2] ...Bxa2! is the strong threat.} 27. Nc6 Rc8) 27. Be2 Bc4 28. Bxc4 bxc4 {[%emt 0:00:29][%mdl 4096] Endgame KRN-KRN} 29. f4 {[%emt 0:02:23] [#]} (29. Rc1 $17 {might work better.}) 29... Nd3 $1 $19 {[%emt 0:01:27] Hoping for ...c3.} 30. Nc6 Rb2 31. Nxa5 c3 32. Nc4 {[%emt 0:02:56] [#]} Re2 {[%emt 0:00:17] Strongly threatening ...c2.} 33. Na3 c2 34. Nxc2 Rxc2 {[%emt 0:00:05] KRN-KR} 35. a4 Nc5 36. e5 Na6 37. Ra3 g6 38. h3 h5 39. Kf1 (39. a5 $17 {was worth a try.}) 39... Ke8 ({Black should play} 39... h4 $19 {aiming for ...hxg3.} 40. gxh4 Rc4) 40. Ke1 Rc4 (40... h4 $19 {And now ...hxg3 would win.} 41. g4 Rc4) 41. Kd2 {[%emt 0:30:26] White does not recover from this.} (41. Kf2 $17 {is a better defense.}) 41... h4 42. Kd3 Rb4 43. g4 $2 (43. f5 gxf5 44. gxh4) 43... Rxf4 {[%emt 0:00:00] Black is clearly winning.} 44. Ke3 {[%emt 0:00:00] Prevents Rf3+.} Rb4 45. a5 Ke7 46. Rd3 Rb5 47. Kf4 (47. Ra3 $142 Rxe5+ 48. Kf2) 47... Rxa5 {[%emt 0:00:00] Threatens to win with ...Nc5.} 48. Re3 Nc7 {[%emt 0:00:00] ( -> ...Nd5+)} 49. Kg5 Ke6 50. Kxh4 Rxe5 51. Rc3 Ne8 52. Ra3 Nd6 53. Rb3 Kf6 54. Rb6 (54. Rf3+ $142 Ke6 55. Kg3) 54... Rd5 {[%emt 0:00:00] White must now prevent ...Rd3.} 55. Ra6 Kg7 (55... g5+ $142 56. Kg3 Rd3+ 57. Kg2 Ke5) 56. Rc6 (56. Kg3 $142) 56... Ne4 {[%emt 0:00:00] Weighted Error Value: White=0.43/Black=0.16 (very precise)} 0-1

[Event "44th Chess Olympiad Women 2022"]
[Site "Chennai"]
[Date "2022.07.30"]
[Round "2.21"]
[White "Houska, Jovanka"]
[Black "Cordero, Daniela"]
[Result "1-0"]
[ECO "A74"]
[WhiteElo "2360"]
[BlackElo "2005"]
[Annotator "TA"]
[PlyCount "61"]
[EventDate "2022.07.29"]
[EventType "team-tourn"]
[EventCountry "IND"]
[SourceTitle "playchess.com"]
[Source "ChessBase"]
[SourceQuality "1"]
[WhiteTeam "England"]
[BlackTeam "Bolivia"]
[WhiteTeamCountry "ENG"]
[BlackTeamCountry "BOL"]
[TimeControl "40/5400+30:1800+30"]

1. d4 Nf6 2. Nf3 e6 3. c4 c5 4. d5 exd5 5. cxd5 d6 6. Nc3 g6 7. Nd2 Nbd7 8. e4 Bg7 9. Be2 O-O 10. O-O a6 11. a4 $1 b6 {[%emt 0:00:25] A74: Modern Benoni: Classical: 9...a6.} 12. Nc4 Ne8 13. f4 Rb8 {[%emt 0:04:01] White is slightly better.} 14. Be3 {[%emt 0:06:52] [#] White is more active.} b5 $146 (14... f5 $11 {and Black stays safe.}) ({Predecessor:} 14... Qe7 15. Bf3 Kh8 16. Qd2 g5 17. g3 gxf4 18. gxf4 Rg8 {½-½ (52) Purdon,C (2061)-Buttell,D (1945) England 2019}) 15. axb5 $18 axb5 {[%emt 0:00:05] [#]} 16. Na5 {[%emt 0:00:29] Black must now prevent Nc6.} Rb6 $2 (16... b4 {is a better defense.}) 17. Nc6 Rxc6 18. dxc6 Nb8 19. Bxb5 Nc7 20. Ba4 Qe7 21. Re1 Nba6 22. Qd2 Rd8 23. Bf2 Ne6 $2 {[%emt 0:03:17] [#]} (23... Nb4 24. Nd5 Nbxd5) 24. Nd5 Qf8 25. f5 Nec7 26. f6 Bh6 27. Qa5 Nxd5 28. exd5 Nb4 29. c7 Rd7 30. Bxd7 Bxd7 31. Re7 {[%emt 0:00:41] White took control after the opening.  Weighted Error Value: White=0.11 (very precise) /Black=1.00} 1-0

[Event "44th Chess Olympiad Women 2022"]
[Site "Chennai"]
[Date "2022.07.30"]
[Round "2.21"]
[White "Kalaiyalahan, Akshaya"]
[Black "Molina, Jessica"]
[Result "1-0"]
[ECO "D46"]
[WhiteElo "2158"]
[BlackElo "1889"]
[Annotator "TA"]
[PlyCount "127"]
[EventDate "2022.07.29"]
[EventType "team-tourn"]
[EventCountry "IND"]
[SourceTitle "playchess.com"]
[Source "ChessBase"]
[SourceQuality "1"]
[WhiteTeam "England"]
[BlackTeam "Bolivia"]
[WhiteTeamCountry "ENG"]
[BlackTeamCountry "BOL"]
[TimeControl "40/5400+30:1800+30"]

1. Nf3 d5 2. e3 Nf6 3. c4 c6 4. b3 e6 5. Bb2 Be7 6. Nc3 Nbd7 7. Qc2 b6 8. d4 Bb7 9. Bd3 $1 {[%emt 0:00:39] 9.Bd3 scores better than 9.Be2.} Rc8 {[%emt 0:02:09] has lost popularity (9...0-0).} 10. O-O O-O 11. Ne5 {[%emt 0:05:29] D46: Semi-Slav: 5 e3 Nbd7 6 Bd3, Black avoids the Meran.} h6 {[%emt 0:07:27] [#]} 12. cxd5 $146 (12. f4 {seems wilder.} c5 13. Rad1 cxd4 14. exd4 Re8 15. Qe2) ({Predecessor:} 12. f4 c5 13. Rad1 Qc7 14. Qe2 Rfd8 15. f5 cxd4 16. exd4 Nf8 17. fxe6 Nxe6 18. Nb5 Qb8 19. Bf5 Ng5 20. Bxc8 {1-0 (20) Nasyrova,E (2271)-Fomkin,D (1923) Cheliabinsk 2020}) 12... Nxd5 13. Nxd5 {[%emt 0:05:16] The position is equal.} cxd5 14. Qe2 ({Much weaker is} 14. Bh7+ Kh8 15. Qb1 Nxe5 16. dxe5 f5 17. exf6 Bxf6 $15) 14... Nxe5 15. dxe5 Bc5 16. Rad1 Qe7 17. Bb1 a5 18. f4 Ra8 19. Bd3 Rfd8 20. a4 g6 (20... Rac8 $11 {keeps the balance.}) 21. Kh1 Qh4 ({Better is} 21... h5 $14) 22. Rf3 $1 $16 d4 23. e4 f5 (23... Bf8 $16) 24. exf6 $1 $18 Qxf6 25. Rg3 {[%emt 0:01:16] Hoping for e5.} e5 $2 (25... Kh8 {might work better.} 26. Qg4 h5 27. Qxg6 Qxg6 28. Rxg6 Rf8) 26. fxe5 Qxe5 27. Rxg6+ Kh7 28. Rg4 (28. Rg3 Rg8 $18) 28... Rg8 29. Rf1 Raf8 {[%emt 0:01:44] Inhibits Rf7+. White must now prevent ...Rxf1+.} 30. Rxg8 Kxg8 (30... Rxf1+ $142 31. Qxf1 Kxg8) 31. Qg4+ Kh8 32. Rxf8+ Bxf8 33. Bc4 $2 (33. Bc1 $18 {Strongly threatening Bc4.} Qe8 34. Qh4) 33... Bg7 $11 34. Bd3 $2 (34. Qd7 $11 Qxe4 35. Qd8+ Kh7 36. Qg8+ Kg6 37. Qf7+ Kh7 38. Qg8+ Kg6 39. Qf7+ Kh7 40. Qg8+) 34... Bf8 $1 $18 35. Qf5 Bd6 {[%emt 0:01:33][%csl Gd6][%cal Re5h2] [#]} 36. Qxe5+ Bxe5 {[%emt 0:00:02][%mdl 4096] Endgame KBB-KBB} 37. g3 (37. Kg1 $18) 37... Kg7 38. Kg2 Bc8 39. Kf3 {[%emt 0:00:18] Prevents Bg4+.} h5 {[%emt 0:00:22] [#] Against g4} 40. Ke2 ({White should play} 40. Kf2 $1 $16) 40... Be6 $1 $11 41. Kd2 ({Not} 41. Bc4 $2 Bxc4+ 42. bxc4 d3+ 43. Kf3 Bxb2 $19) 41... Bxb3 42. Bb5 Ba2 $1 43. Be8 Kh6 44. Kd3 Bb1+ 45. Kc4 Bxe4 46. Bxd4 Bxd4 47. Kxd4 {[%emt 0:00:00] KB-KB} Bc2 48. h4 Kg7 49. Kc4 {[%emt 0:00:00] Threatens to win with Kb5.} Kf6 50. Kb5 Bd1 51. Kxb6 Kf5 $1 52. Bd7+ Ke4 $1 53. Bc6+ Kf5 $1 54. Bd7+ Ke4 $1 55. Kxa5 Kf3 56. g4 hxg4 57. h5 g3 58. h6 Bc2 59. Bc6+ Kf4 60. Kb4 Ke5 $2 (60... Be4 $11) 61. a5 $18 {[%emt 0:00:47] White is clearly winning.} Kd6 62. Bf3 Kc7 63. Kc5 Bd1 64. h7 {[%emt 0:00:20] Weighted Error Value: White=0.15 (very precise) /Black=0.17 (very precise)} 1-0

[Event "44th Chess Olympiad Women 2022"]
[Site "Chennai"]
[Date "2022.07.30"]
[Round "2.21"]
[White "Ramirez, Maria Eugenia"]
[Black "Toma, Katarzyna"]
[Result "1-0"]
[ECO "B31"]
[WhiteElo "2005"]
[BlackElo "2303"]
[Annotator "TA"]
[PlyCount "113"]
[EventDate "2022.07.29"]
[EventType "team-tourn"]
[EventCountry "IND"]
[SourceTitle "playchess.com"]
[Source "ChessBase"]
[SourceQuality "1"]
[WhiteTeam "Bolivia"]
[BlackTeam "England"]
[WhiteTeamCountry "BOL"]
[BlackTeamCountry "ENG"]
[TimeControl "40/5400+30:1800+30"]

1. e4 c5 2. Na3 Nc6 3. Bb5 e6 4. Nf3 d5 5. exd5 {[%emt 0:06:27] [#]} Qxd5 $146 ({Predecessor:} 5... exd5 6. Ne5 Nge7 7. O-O a6 8. Bxc6+ Nxc6 9. Nxc6 bxc6 10. Re1+ Be7 11. b3 O-O {0-1 (58) Zalesky,K (2073)-Malinovsky,P (1968) Ostrava 2016}) 6. O-O {[%emt 0:06:20] B31: Sicilian: 2...Nc6 3 Bb5 g6.} Bd7 7. Bc4 Qh5 8. c3 {[%emt 0:09:52] White is slightly better.} (8. Be2 {with more complications.} Bd6 9. Nc4 Bc7 10. Nfe5) 8... Nf6 9. Be2 Be7 10. d4 cxd4 11. cxd4 Bxa3 12. bxa3 Qa5 {[%emt 0:00:09] Prevents Ne5.} 13. Rb1 Qc7 14. Bg5 Nd5 15. Qc2 {[%emt 0:06:50] Against Nc3} Rc8 16. Rfc1 $36 {[%emt 0:06:24][%mdl 2048] Black is under pressure.} O-O 17. Qb2 (17. Qe4 $1 {should be considered.}) 17... f6 $11 18. Bh4 b6 19. Ba6 {[%emt 0:00:28] Prevents Qb7.} Rce8 $1 20. Bg3 Qd8 21. Nd2 f5 (21... Nce7 $11) 22. Bd6 $14 Rf6 23. Nf3 Qa8 24. Ne5 (24. a4 $16) 24... Nxe5 25. Bxe5 {[%emt 0:00:37] This bishop pair is nice.} Rg6 {[%emt 0:00:39][%cal Og6g2] And now ...Rxg2+! would win.} 26. Bf1 h5 27. Qe2 Rh6 28. Rb3 h4 $1 {[%emt 0:00:54] Prevents Rg3.} 29. g3 (29. Qd2 $5 ) 29... Rc8 30. Rxc8+ Qxc8 31. Bg2 (31. gxh4 $142 Rxh4 32. Rg3) 31... h3 32. Bxd5 exd5 33. Qd2 Rc6 34. Rb1 {[%emt 0:00:06] Prevents Rc1+.} Rc2 35. Qg5 Qf8 36. Ra1 Bb5 37. Qh4 Qxa3 38. Qg5 {[%emt 0:00:18][%csl Ge5][%cal Rg5g7] Inhibits Rc1+.} Qf8 39. Qh4 (39. Re1 $15) 39... Qc8 ({Better is} 39... Bd3 $17) 40. Qg5 $1 $15 Qd7 41. Qh4 ({White should play} 41. Re1 $15) 41... Be2 (41... Bd3 $17 42. Qg5 Be4) 42. Qxh3 (42. Qg5 $15) 42... Qc8 $19 {[%emt 0:00:42] ( -> ...Rc1+)} 43. Bf4 {[%emt 0:00:00] [#] Inhibits Rc1+.} Bf3 (43... Qc3 $1 $19 44. Rb1 Bd3) 44. Qh4 $15 Be4 45. Qh5 Qc6 46. Re1 Rxa2 47. f3 g6 $2 (47... Qc2 $11 48. Qe8+ Kh7 49. Qh5+ Kg8 50. Qe8+ Kh7 51. Qh5+ Kg8) 48. Qg5 {[%emt 0:00:00] Strongly threatening Qe7.} Kf7 {[%emt 0:01:02] Inhibits Qe7+. White must now prevent ...Qc3.} 49. Qh6 (49. fxe4 $2 Qc2 50. Bd2 Qxd2 51. Qxd2 Rxd2 52. exf5 gxf5 $19) 49... Qc2 50. Qh7+ {[%emt 0:00:32][%mdl 64] [#] Deflection} Ke6 51. Qxg6+ Ke7 52. Bg5+ Kf8 53. Qf6+ {[%emt 0:00:11] White mates.} Kg8 54. Qe6+ Kg7 55. Bf6+ Kg6 56. Be5+ Kh5 57. Qf7+ {[%emt 0:00:14] Weighted Error Value: White=0.15 (very precise) /Black=0.30} 1-0

[Event "44th Chess Olympiad Women 2022"]
[Site "Chennai"]
[Date "2022.07.30"]
[Round "2.21"]
[White "Monroy G., Nataly A."]
[Black "Varney, Zoe"]
[Result "0-1"]
[ECO "E90"]
[WhiteElo "1907"]
[BlackElo "2045"]
[Annotator "TA"]
[PlyCount "86"]
[EventDate "2022.07.29"]
[EventType "team-tourn"]
[EventCountry "IND"]
[SourceTitle "playchess.com"]
[Source "ChessBase"]
[SourceQuality "1"]
[WhiteTeam "Bolivia"]
[BlackTeam "England"]
[WhiteTeamCountry "BOL"]
[BlackTeamCountry "ENG"]
[TimeControl "40/5400+30:1800+30"]

1. d4 Nf6 2. Nf3 g6 3. c4 Bg7 4. Nc3 O-O 5. e4 d6 6. h3 e5 7. d5 a5 8. Bd3 {[%emt 0:03:39] 8.g4 is becoming the main line.} Na6 9. Be3 {[%emt 0:00:54] E90: King's Indian: Classical: Early deviations and 6 h3.} Nd7 10. g4 Ndc5 11. Bc2 {[%emt 0:03:35] The position is equal.} f5 12. gxf5 gxf5 13. Bg5 Qe8 14. Rg1 {[%emt 0:06:44] [#] Hoping for Bh6.} Kh8 $146 ({Predecessor:} 14... fxe4 15. Bh6 Rf7 16. Nxe4 Nxe4 17. Bxe4 Kh8 18. Bxg7+ Rxg7 19. Rxg7 Kxg7 20. Qd2 Qh5 21. O-O-O Bd7 22. Rg1+ Kh8 23. Rg5 Qxh3 24. Rg1 Rg8 25. Ng5 Qh5 26. Rh1 {0-1 (26) Billmann,A (1915)-Konsek,P (1938) Germany 2012}) 15. Nh4 fxe4 16. Nxe4 Nxe4 (16... Bxh3 $2 17. Nxc5 Nxc5 18. Rh1 $18) 17. Bxe4 Nc5 (17... Bxh3 $2 18. Rh1 (18. Be3 Rf4 $16) 18... Rf4 19. Bxh7 Kxh7 20. Rxh3 $18) 18. Qe2 ({White should try} 18. Qc2) 18... Nxe4 (18... Bxh3 19. Rh1 Nxe4 20. Qxe4 $15) (18... b5 $142 $1 19. O-O-O bxc4) 19. Qxe4 $17 Qh5 (19... Bxh3 $6 20. Rh1 Qf7 21. Be3 $11) 20. Rg3 Bd7 (20... Bxh3 $2 21. Rxh3 Qxg5 22. Ng6+ Kg8 23. Nxf8 Rxf8 24. Qxh7+ Kf7 25. Qh5+ Qxh5 26. Rxh5 $18) 21. Qe2 Qxe2+ 22. Kxe2 b5 (22... e4 $17 {Strongly threatening ...b5.} 23. Rb1 Rf7) 23. b3 (23. Rc1 $15) 23... a4 $19 {[%emt 0:00:00] aiming for ...axb3.} 24. Rd1 axb3 25. axb3 bxc4 26. bxc4 Ra4 27. Rdg1 (27. Rf3 $17) 27... Ra2+ (27... Rxc4 28. Be7 Rc2+ 29. Kd1 Rfxf2 30. Rxg7 Rfd2+ 31. Ke1 Re2+ 32. Kd1 Red2+ 33. Ke1 Re2+ 34. Kd1 Red2+ $11) 28. Bd2 $2 (28. Kd3) 28... Bh6 $1 29. Nf3 e4 $2 (29... Bf4 $19 30. Rg7 e4 31. Rxd7 exf3+ 32. Kxf3 Bxd2+ 33. Kg3 Rg8+ 34. Kh2 Bf4+ 35. Kh1 Rxf2 36. Rxg8+ Kxg8 37. Rxc7 Rh2+ 38. Kg1 Rxh3) 30. Ng5 $11 {[%emt 0:00:05][%cal Og5f7] Nf7+! would kill now.} Be8 {[%emt 0:00:00] Against Nf7+. Threatens to win with ...Bh5+.} 31. Nxe4 (31. Rc1 $1 $11) 31... Bg6 32. Ng5 Bh5+ (32... Re8+ $1 $17 33. Kd1 Kg8) 33. Kd3 $1 Bg6+ (33... Rxf2 34. Nf7+ $1 Bxf7 35. Rg8+ $3 (35. Bc3+ Bg7 $16) 35... Bxg8 36. Bc3+) (33... Ra3+ $11 34. Bc3+ Bg7) 34. Ke2 $17 Bh5+ (34... Re8+ $1 $17 35. Kd1 Kg8) 35. Kd3 $1 $132 {[%emt 0:01:09][%mdl 2048] White puts up resistance} Ra3+ (35... Rxf2 {gets mated.} 36. Nf7+ $1 Bxf7 37. Rg8+ $3 (37. Bc3+ Bg7 $16) 37... Bxg8 38. Bc3+) ({But not} 35... Bg6+ $6 36. Ke2 $15) 36. Bc3+ Bg7 {[%emt 0:00:00] This bishop pair is nice.} 37. Ne4 Bxc3 (37... Bg6 $5 38. Kd2 Ra2+ 39. Ke3 Bxc3 40. Nxc3 Rc2 $15) 38. Nxc3 Bg6+ 39. Ke2 Bh5+ {[%emt 0:00:00][%mdl 1024] Black has compensation.} 40. Kd3 Bg6+ 41. Ke2 Bh5+ (41... Rf4 $5 ) 42. Kf1 $2 {[%emt 0:00:00] [#]} (42. Kd3 $11) 42... Bf3 $1 $19 43. Ke1 $2 (43. Rxf3 Rxf3 44. Ne2) 43... Rxc3 {[%emt 0:00:29] Weighted Error Value: White=0.57/Black=0.33} 0-1

[Event "44th Chess Olympiad Women 2022"]
[Site "Chennai"]
[Date "2022.07.30"]
[Round "2.22"]
[White "Repkova, Eva"]
[Black "Johannsdottir, Johanna Bjorg"]
[Result "1-0"]
[ECO "B91"]
[WhiteElo "2303"]
[BlackElo "1976"]
[Annotator "TA"]
[PlyCount "63"]
[EventDate "2022.07.29"]
[EventType "team-tourn"]
[EventCountry "IND"]
[SourceTitle "playchess.com"]
[Source "ChessBase"]
[SourceQuality "1"]
[WhiteTeam "Slovakia"]
[BlackTeam "Iceland"]
[WhiteTeamCountry "SVK"]
[BlackTeamCountry "ISL"]
[TimeControl "40/5400+30:1800+30"]

1. e4 c5 2. Nf3 d6 3. d4 cxd4 4. Nxd4 Nf6 5. Nc3 a6 6. g3 g6 7. Bg2 Bg7 8. h3 O-O 9. O-O Nc6 10. Be3 {[%emt 0:00:07] B91: Sicilian Najdorf: 6 g3.} Ne5 11. b3 Bd7 12. Qd2 {[%emt 0:03:07] White is slightly better.} Rc8 13. a4 {[%emt 0:03:45][%cal Ba2a4,Ba4a5][%mdl 32] [#]} Re8 $146 ({Predecessor:} 13... Qc7 14. Nd5 Nxd5 15. exd5 Qc3 16. Qxc3 Rxc3 17. Rad1 Bf5 18. Bd2 Rcc8 19. Nxf5 gxf5 {0-1 (44) Adair,J (2484)-Gormally,D (2555) Birmingham 2019}) 14. a5 Nc6 15. Nxc6 Bxc6 16. Bb6 Qd7 17. Rae1 Bb5 (17... e6 $14) 18. Nxb5 $16 Qxb5 19. e5 $1 $36 {[%emt 0:00:15][%mdl 2048] Black is under strong pressure.} Nd7 20. c4 $1 {[%emt 0:10:44] White is more active.} (20. Bxb7 $6 Nxb6 21. axb6 Rb8 $11) (20. exd6 $6 Bc3 21. Qe3 Bxe1 $11) 20... Qxb3 21. Re3 (21. exd6 $16 exd6 22. Bxb7 Nxb6 23. Bxc8 (23. axb6 Qxb6 24. Bxc8 Rxc8 $16) 23... Rxc8 24. axb6 Qxb6 25. Re7) 21... Qxc4 $11 22. Bd5 {[%emt 0:00:16] A strong pair of Bishops.} Qa4 {[%emt 0:00:52][%mdl 8192] [#]} (22... Nxb6 $11 {and Black is okay.} 23. Bxc4 Nxc4) 23. Re4 $1 $18 Qb5 {[%emt 0:05:05] [#]} 24. Rb4 $1 Rc2 25. Bxf7+ $1 {[%emt 0:03:15][%mdl 64] Decoy} Kxf7 26. Qf4+ Kg8 27. Rxb5 axb5 28. Qe4 ({Resist} 28. exd6 Rc6 29. Be3 exd6 $18) 28... Rc6 29. exd6 {[%emt 0:01:35] Qe6+ is the strong threat.} Rxd6 (29... Nxb6 {might work better.} 30. axb6 Rxd6 31. Qxb7 Bd4) 30. Bc7 ({Much less strong is} 30. Qxb7 Nxb6 31. axb6 Bd4 $18) 30... Nc5 31. Qb4 Na6 (31... Rd5 32. Qxb5 Rc8) 32. Qb3+ {[%emt 0:00:08] Weighted Error Value: White=0.14 (very precise) /Black=0.50} 1-0